 Dungeon Sprint DCSS version 0.18-a0-119-g02a7081 (webtiles) character file.

185 Kidiri the Covert (level 5, 0/26 (27) HPs)
             Began as a Spriggan Enchanter on Nov 19, 2015.
             Slain by a necrophage (2 damage)
             ... in the Dungeon (Sprint II: "The Violet Keep of Menkaure").
             The game lasted 00:00:58 (67 turns).

Kidiri the Covert (Spriggan Enchanter)                Turns: 67, Time: 00:00:58

HP:   0/26 (27)     AC:  3    Str:  4    XL:     5   Next: 37%
MP:   14/14         EV: 23    Int: 17    God:
Gold: 0             SH:  0    Dex: 17    Spells: 1 memorised, 15 levels left

rFire  . . .     SeeInvis +     a - +1 dagger
rCold  . . .     Clarity  .     b - +1 robe
rNeg   . . .     SustAt   .     (shield restricted)
rPois  .         Gourm    .     (helmet restricted)
rElec  .         Spirit   .     (no cloak)
rCorr  .         Warding  .     (gloves unavailable)
rMut   .         NoTele   +     (boots unavailable)
MR     .....                    (no amulet)
Stlth  +++++.....               (no ring)
                                (no ring)

@: exhausted, very quick, not resistant to hostile enchantments, quite stealthy
A: unfitting armour, see invisible, herbivore 3, speed 3, slow metabolism 2
a: no special abilities


You were in the Dungeon.
You were not hungry.

You visited 1 branch

Inventory:

Hand Weapons
 a - a +1 dagger (weapon)
Armour
 b - a +1 robe (worn)
Scrolls
 j - a scroll of blinking
Potions
 f - a potion of heal wounds
 g - a potion of haste
 h - a potion of magic
Books
 c - a book of Maledictions

   Spells                             Type                      Level
   a - Corona                         Hexes                        1
   b - Ensorcelled Hibernation        Hexes/Ice                    2
   c - Confuse                        Hexes                        3
   d - Tukima's Dance                 Hexes                        3
   e - Dazzling Spray                 Conjuration/Hexes            3
Comestibles
 d - a bread ration


   Skills:
 + Level 2.4 Fighting
 * Level 5.2 Short Blades
 + Level 2.2 Armour
 * Level 7.2 Dodging
 * Level 8.7 Stealth
 * Level 6.2 Spellcasting
 + Level 5.3 Hexes


You had 15 spell levels left.
You knew the following spells:

 Your Spells              Type           Power        Failure   Level  Hunger
a - Corona                Hex            ###....      1%          1    None


Dungeon Overview and Level Annotations

Branches:
Dungeon (1/1)

Altars:


Innate Abilities, Weirdness & Mutations

You are tiny and cannot use many weapons and most armour.
You have supernaturally acute eyesight.
You are a herbivore.
You cover ground extremely quickly.
You need consume almost no food.


Message History

You hit the necrophage.
The necrophage is severely damaged.
You closely miss the necrophage.
The necrophage is severely damaged.
The necrophage completely misses you.
You hit the necrophage.
The necrophage is severely damaged.
The necrophage closely misses you.
You barely miss the necrophage.
The necrophage is severely damaged.
The necrophage misses you.
You hit the necrophage.
The necrophage is almost destroyed.
You hit the necrophage but do no damage.
The necrophage is almost destroyed.
The necrophage hits you but does no damage.
You completely miss the necrophage.
The necrophage is severely damaged.
The necrophage hits you.
You die...

## ## ##.
.## .m#.. #
... # #a #+#
.##
#a.##.##...#
#+.<@nn#
#aa##.##...#
#. #+# .## #


H#H # .# #. ## ## You could see 2 necrophages.

Vanquished Creatures
  2 necrophages (D)
2 creatures vanquished.

Notes
Turn   | Place    | Note
--------------------------------------------------------------
     0 | D        | Kidiri the Spriggan Enchanter began the quest for the Orb.
     0 | D        | Reached XP level 1. HP: 9/9 MP: 5/5
     1 | D        | Noticed a siren
     4 | D        | Noticed a worker ant
     4 | D        | Noticed a worker ant
     4 | D        | Noticed a worker ant
     4 | D        | Noticed a worker ant
     7 | D        | Noticed a hippogriff
     7 | D        | Noticed a hippogriff
    10 | D        | Noticed a necrophage
    10 | D        | Noticed a necrophage
    10 | D        | Noticed a necrophage
    10 | D        | Noticed a necrophage
    19 | D        | Killed a necrophage
    19 | D        | Reached skill level 1 in Fighting
    19 | D        | Reached skill level 1 in Armour
    19 | D        | Reached skill level 5 in Dodging
    19 | D        | Reached skill level 7 in Stealth
    19 | D        | Reached skill level 5 in Spellcasting
    19 | D        | Reached XP level 2. HP: 15/15 MP: 5/9
    19 | D        | Reached XP level 3. HP: 18/18 MP: 5/10
    19 | D        | Reached XP level 4. HP: 23/23 MP: 6/12
    34 | D        | Killed a necrophage
    34 | D        | Reached skill level 5 in Short Blades
    34 | D        | Reached skill level 8 in Stealth
    34 | D        | Reached skill level 5 in Hexes
    34 | D        | Reached XP level 5. HP: 11/27 MP: 8/14
    67 | D        | Slain by a necrophage

Vault maps used:
D:        the_violet_keep_of_menkaure

Action                   |  1- 3 |  4- 6 || total
-------------------------+-------+-------++-------
Melee: Dagger            |     7 |    46 ||    53
 Cast: Corona            |     1 |       ||     1
  Use: Potion            |     1 |     2 ||     3
